 Dungeon Crawl Stone Soup version 0.30-a0-373-gd37427bb62 (webtiles) character file.

Game seed: 13359475164556011702

213008 NinjaNoafa the Tortoise (level 18, -1/154 HPs)
             Began as a Minotaur Fighter on Nov 23, 2022.
             Was a Believer of Uskayaw.
             Slain by Agnes
             ... wielding a +4 lajatang of speed
              (8 damage)
             ... on level 14 of the Dungeon.
             The game lasted 01:35:23 (37612 turns).

NinjaNoafa the Tortoise (Minotaur Fighter)         Turns: 37612, Time: 01:35:24

Health: -1/154     AC: 26    Str: 27 (31) XL:     18   Next: 26%
Magic:  38/38      EV: 12    Int:  0 (5)  God:    Uskayaw [**....]
Gold:   556        SH: 10    Dex:  7 (10) Spells: 17/17 levels left

rFire   + + .      SeeInvis .    b - +4 demon trident (vamp)
rCold   + . .      Faith    +    t - +0 kite shield of Daffodils {rF+ Regen+ MP+9 Str+2}
rNeg    . . .      Spirit   .    M - +1 plate armour {rF+}
rPois   .          Reflect  .    (helmet restricted)
rElec   .          Harm     .    H - +2 cloak
rCorr   .          Rampage  .    E - +2 pair of gloves
Will    +....                    (no boots)
Stlth   ..........               N - amulet of faith
HPRegen 1.25/turn                (no ring)
MPRegen 0.26/turn                O - +4 ring of evasion

@: slowed, lost intelligence, studying Armour, unable to read, very slow
A: horns 2, retaliatory headbutt, cold resistance 1, wild magic 1
}: 1/15 runes: barnacled
a: Renounce Religion, Stomp, Line Pass


You were on level 14 of the Dungeon.
You worshipped Uskayaw.
Uskayaw was most pleased with you.
You visited 8 branches of the dungeon, and saw 33 of its levels.
You also visited: Ossuary, Bailey and Volcano.

You collected 3861 gold pieces.
You spent 3305 gold pieces at shops.

Inventory:

Hand Weapons
 b - a +4 vampiric demon trident (weapon)
Missiles
 c - 6 javelins
 e - 34 poisoned darts
 g - 11 stones
 n - a silver boomerang
 u - 8 boomerangs (quivered)
 y - 6 throwing nets
 Z - 3 boomerangs of dispersal
Armour
 t - the +0 kite shield of Daffodils (worn) {rF+ Regen+ MP+9 Str+2}
   (You acquired it on level 1 of the Shoals)

   Str:       It affects your strength (+2).
   rF:        It protects you from fire.
   MP:        It affects your magic capacity (+9).
   Regen:     It increases your rate of health regeneration.
 E - a +2 pair of gloves (worn)
 H - a +2 cloak (worn)
 M - a +1 plate armour of fire resistance (worn)
Jewellery
 C - a +6 ring of strength
 N - an amulet of faith (around neck)
 O - a +4 ring of evasion (right hand)
 P - a ring of resist corrosion
 T - a ring of flight
Wands
 i - a wand of light (22)
 o - a wand of digging (7)
 z - a wand of paralysis (24)
 A - a wand of flame (21)
 B - a wand of polymorph (28)
 G - a wand of roots (9)
 V - a wand of mindburst (8)
Scrolls
 a - a scroll of blinking
 f - 8 scrolls of poison
 h - 3 scrolls of silence
 k - 4 scrolls of magic mapping
 l - a scroll of immolation
 m - 3 scrolls of butterflies
 q - 3 scrolls of amnesia
 r - 5 scrolls of teleportation
 x - a scroll of noise
 D - 4 scrolls of fear
 L - 4 scrolls of torment
 Y - 2 scrolls of vulnerability
Potions
 d - 8 potions of lignification
 j - 4 potions of magic
 s - 8 potions of curing
 v - 3 potions of cancellation
 w - 6 potions of flight
 I - 11 potions of might
 J - 4 potions of haste
 K - 6 potions of invisibility
 U - a potion of ambrosia
 W - 6 potions of brilliance
 X - a potion of resistance
Miscellaneous
 R - a lightning rod (3/4)
 S - a condenser vane (inert)


   Skills:
 - Level 11.8 Fighting
 - Level 16.4(17.9) Axes
 + Level 11.9(15.7) Polearms
 - Level 11.2 Throwing
 - Level 18.0 Armour
 - Level 6.0 Dodging
 - Level 11.7 Shields
 - Level 16.5 Invocations
 - Level 11.0 Evocations


You had 17 spell levels left.
You didn't know any spells.
Your spell library contained the following spells:

 Spells                   Type           Power      Damage    Failure   Level
 Foxfire                  Conj/Fire      0%         2x1d4     100%        1
 Magic Dart               Conj           0%         1d3       100%        1
 Shock                    Conj/Air       0%         1d3       100%        1
 Sting                    Tmut/Pois      0%         1d3       100%        1
 Call Imp                 Summ           0%         N/A       100%        2
 Passwall                 Tmut/Erth      0%         N/A       100%        2
 Poisonous Vapours        Pois/Air       0%         N/A       100%        2
 Scorch                   Fire           0%         2d5       100%        2
 Gell's Gravitas          Tloc           0%         N/A       100%        3
 Ignite Poison            Fire/Tmut/Pois 0%         N/A       100%        3
 Kindle Blastsparks       Fire/Tloc/Air  0%         2d10      100%        3
 Mephitic Cloud           Conj/Pois/Air  0%         N/A       100%        3
 Ozocubu's Armour         Ice            0%         N/A       100%        3
 Stone Arrow              Conj/Erth      0%         3d7       100%        3
 Swiftness                Air            0%         N/A       100%        3
 Animate Armour           Summ/Erth      0%         N/A       100%        4
 Flame Wave               Conj/Fire      0%         2d4       100%        4
 Fulminant Prism          Conj/Hex       0%         3d5       100%        4
 Iskenderun's Mystic Bla  Conj/Tloc      0%         2d3       100%        4
 Petrify                  Tmut/Erth      0%         N/A       100%        4
 Sticky Flame             Conj/Fire      0%         2d3       100%        4
 Arcjolt                  Conj/Air       0%         1d10      100%        5
 Blade Hands              Tmut           0%         N/A       100%        5
 Fireball                 Conj/Fire      0%         3d3       100%        5
 Freezing Cloud           Conj/Ice/Air   0%         6-21      100%        5
 Iskenderun's Battlesphe  Conj           0%         2d6       100%        5
 Lee's Rapid Deconstruct  Erth           0%         3d4*      100%        5
 Conjure Ball Lightning   Conj/Air       0%         3x3d6     100%        6
 Starburst                Conj/Fire      0%         6d3       100%        6
 Statue Form              Tmut/Erth      0%         N/A       100%        6
 Summon Cactus Giant      Summ           0%         N/A       100%        6
 Malign Gateway           Summ/Tloc      0%         N/A       100%        7
 Orb of Destruction       Conj           0%         9d5       100%        7
 Ozocubu's Refrigeration  Ice            0%         4d7       100%        7
 Ignition                 Fire           0%         3d3       100%        8
 Lehudib's Crystal Spear  Conj/Erth      0%         10d2      100%        8
 Summon Horrible Things   Summ           0%         N/A       100%        8


Dungeon Overview and Level Annotations

Branches:
Dungeon (14/15)            Temple (1/1) D:6            Lair (5/5) D:11
 Shoals (4/4) Lair:3       Spider (4/4) Lair:3        Slime (1/5) Lair:4
    Orc (2/2) D:11            Elf (2/3) Orc:2        Vaults (0/5) D:13
Ossuary (visited)          Bailey (visited)         Volcano (visited)

Altars:
Ashenzari
Cheibriados
Dithmenos
Elyvilon
Fedhas
Gozag
Hepliaklqana
Kikubaaqudgha
Makhleb
Nemelex Xobeh
Okawaru
Qazlal
Ru
Sif Muna
Trog
Uskayaw
Vehumet
Wu Jian
Xom
Yredelemnul
Zin
The Shining One
Jiyva

Shops:
Orc:2 [!:!   Elf:1 :==!   Shoals:1 *   Shoals:4 =

Annotations:
D:14 Agnes


Innate Abilities, Weirdness & Mutations

You have a pair of horns on your head.
You reflexively headbutt those who attack you in melee.
Your flesh is cold resistant. (rC+)
Your spells are a little harder to cast, but a little more powerful.


Message History

Agnes hits you with a +4 lajatang of speed!!
The centaur warrior hits you but does no damage.
The centaur warrior kicks you but does no damage.
Agnes hits you with a +4 lajatang of speed!!
* * * LOW HITPOINT WARNING * * *
You block the centaur warrior's attack. The centaur warrior closely misses you.
Agnes hits you with a +4 lajatang of speed!!
* * * LOW HITPOINT WARNING * * *
Okay, then.
You cannot read scrolls in your current state!
You feel better. You block Agnes's attack.
Agnes hits you with a +4 lajatang of speed!
* * * LOW HITPOINT WARNING * * *
The centaur warrior hits you but does no damage.
The centaur warrior kicks you but does no damage.
You block Agnes's attack. You block the centaur warrior's attack.
The centaur warrior barely misses you. Agnes barely misses you.
You furiously retaliate!
You headbutt Agnes!
Uskayaw will force your foes to helplessly watch your dance.
Uskayaw prepares the audience for your solo!
The centaur warrior is no longer paralysed.
The centaur warrior wields a +0 longbow.
The centaur warrior shoots an arrow.
The arrow hits you.
* * * LOW HITPOINT WARNING * * *
There is an open door here.
You cannot read scrolls in your current state!
You feel better.
Agnes is no longer paralysed.
The centaur warrior unwields a +0 longbow.
The centaur warrior hits you but does no damage.
The centaur warrior kicks you but does no damage.
Agnes completely misses you.
Agnes hits you with a +4 lajatang of speed!
* * * LOW HITPOINT WARNING * * *
Agnes hits you with a +4 lajatang of speed.
* * * LOW HITPOINT WARNING * * *
Agnes attacks as you move away!
Agnes hits you with a +4 lajatang of speed!
* * * LOW HITPOINT WARNING * * *
Agnes hits you with a +4 lajatang of speed!
You die...

# ### #. ..# ##.####.#
#.....#.# ...#....#
#......# #.#....#
#......##########
###..@..........#
##i##########.# ##c##
#.# ##...## ##.####
#.....# #.....#
#.......# ##..##.#
#........<# ##....#.###
+.........+ ...........
#.........####......###


You could see Agnes and a centaur warrior.

Vanquished Creatures
  Jorgrun (Orc:2)
  Mlioglotl (Shoals:4)
  A kraken (Shoals:4)
  Roxanne (Spider:3)
  2 emperor scorpions (Spider:4)
  A frost giant (Shoals:4)
  Aizul (Shoals:4)
  4 ghost moths
  An orc warlord (Orc:2)
  A spark wasp (Spider:1)
  2 deep elf annihilators (Elf:1)
  2 entropy weavers
  14 merfolk impalers
  Fannar (D:10)
  2 merfolk javelineers
  Harold (Lair:1)
  6 hydras
  An ogre mage (D:13)
  2 catoblepae
  4 boulder beetles
  3 merfolk avatars
  2 merfolk aquamancers
  Erica (Lair:2)
  2 radroaches
  2 satyrs (Shoals:4)
  5 centaur warriors
  7 dancing weapons
  A deep troll shaman (Lair:5)
  9 two-headed ogres
  An orc high priest (Orc:2)
  10 death yaks
  5 deep elf knights (Elf:1)
  A fire crab (Lair:5)
  A skeletal warrior (D:13)
  8 pharaoh ants
  The ghost of RascalDebosk the Thaumaturge, a novice DjVM of Ashenzari (D:7)
  Lodul (D:10)
  4 orb spiders
  14 sea snakes
  2 steelbarb worms
  7 deep elf archers
  A lindwurm (Lair:5)
  4 orc knights
  4 harpies (Shoals:4)
  10 deep elf pyromancers
  11 deep elf zephyrmancers
  An oklob plant (Lair:4)
  8 orc sorcerers
  10 ugly things
  4 fauns (Shoals:3)
  14 wolf spiders
  13 cyclopes
  21 manticores
  3 black mambas
  2 moths of wrath
  13 merfolk sirens
  11 elephants
  5 water nymphs
  4 torpor snails
  3 unseen horrors
  4 rime drakes
  3 centaur skeletons (D:13)
  9 cane toads
  2 spectral redbacks (Spider:4)
  4 demonic crawlers
  8 komodo dragons
  A redback zombie (Spider:4)
  6 yaktaurs
  5 trolls
  A queen bee (D:10)
  8 meliai
  A queen bee (shapeshifter) (D:13)
  Prince Ribbit (Temple)
  32 tarantellas
  6 wind drakes
  A jumping spider zombie (Spider:4)
  36 merfolk
  7 saltlings (Orc:2)
  2 spectral tarantellas (Spider:4)
  2 polar bears
  13 blink frogs
  A slime creature (Lair:4)
  32 dream sheep
  9 snapping turtles
  13 jumping spiders
  A shadow (D:11)
  12 water elementals
  3 wraiths
  12 culicivoras
  2 wyverns (D:9)
  44 yaks
  5 basilisks
  4 fire elementals
  54 redbacks
  6 vampire mosquitoes (D:13)
  5 wargs
  An acid dragon (D:11)
  14 water moccasins
  4 black bears
  18 orc warriors
  A sky beast (D:7)
  3 ice beasts
  13 ogres
  10 wolves (Lair:5)
  7 centaurs
  A phantom (D:6)
  9 bullfrogs
  3 gnoll sergeants
  2 necrophages
  2 earth elementals
  10 killer bees (D:10)
  6 howler monkeys
  An electric eel (D:13)
  A lava snake (D:9)
  5 hounds
  6 jellies
  10 orc priests
  A gnoll bouda (D:9)
  4 iguanas
  16 orc wizards
  A boggart skeleton (D:13)
  8 mummies (Ossuary)
  31 gnolls
  7 adders
  A white imp (D:6)
  5 ufetubi
  3 worms
  2 dart slugs
  81 orcs
  5 bats
  3 endoplasms
  4 giant cockroaches
  3 gnoll zombies (Ossuary)
  22 goblins
  8 hobgoblins
  5 jackals
  8 quokkas
  3 ball pythons (D:2)
  6 frilled lizards
  2 hobgoblin zombies (Ossuary)
  5 kobolds
  A kobold zombie (Ossuary)
  2 orc zombies (Ossuary)
  4 rats
  6 pillars of salt (Orc:2)
  3 tentacles (Shoals:4)
1010 creatures vanquished.

Vanquished Creatures (collateral kills)
  An orc warlord (Orc:1)
  An alligator snapping turtle (Shoals:4)
  A warg (Orc:1)
  An orc warrior (Orc:1)
  2 orc priests (Orc:1)
  An orc wizard (Orc:1)
  4 orcs (Orc:1)
11 creatures vanquished.

Vanquished Creatures (others)
  A catoblepas (Shoals:2)
  A dancing weapon (Elf:1)
  A deep elf knight (Elf:2)
  A manticore (Shoals:3)
  2 redbacks
  A quokka (D:6)
  A bush (Lair:5)
  35 fungi
  2 pillars of salt (Orc:2)
  78 plants
  8 tentacles (Shoals:4)
131 creatures vanquished.

Grand Total: 1152 creatures vanquished

Notes
Turn   | Place    | Note
-------+----------+-------------------------------------------
     0 | D:1      | NinjaNoafa the Minotaur Fighter began the quest for the
                  | Orb.
     0 | D:1      | Reached XP level 1. HP: 19/19 MP: 0/0
   234 | D:1      | Reached XP level 2. HP: 19/26 MP: 1/1
   450 | D:1      | Reached XP level 3. HP: 31/31 MP: 2/2
  1014 | D:2      | Reached skill level 5 in Axes
  1045 | D:2      | You fall into a shaft and drop 1 floor!
  1245 | D:2      | Found a faded altar of an unknown god.
  1321 | D:2      | Reached XP level 4. HP: 39/39 MP: 3/3
  1686 | D:3      | Noticed a necrophage
  1698 | D:3      | Killed a necrophage
  1713 | D:3      | Reached XP level 5. HP: 45/45 MP: 4/4
  1731 | D:3      | Identified the +2 ring mail of Omission {Harm Str+2}
  2482 | D:4      | Reached XP level 6. HP: 48/51 MP: 5/5
  3266 | D:5      | Entered Level 5 of the Dungeon
  3281 | D:5      | Noticed an orc warrior
  3284 | D:5      | Reached XP level 7. HP: 47/57 MP: 6/6
  3306 | D:5      | Reached skill level 10 in Axes
  3607 | D:5      | Reached XP level 8. HP: 48/64 MP: 7/7
  4060 | D:5      | Found a sacrificial altar of Ru.
  4400 | D:6      | Reached skill level 4 in Armour
  4559 | D:6      | Found a staircase to the Ecumenical Temple.
  4562 | D:6      | Noticed Prince Ribbit
  4567 | Temple   | Entered the Ecumenical Temple
  4575 | Temple   | Killed Prince Ribbit
  4576 | Temple   | Reached skill level 5 in Fighting
  4576 | Temple   | Reached skill level 5 in Armour
  4576 | Temple   | Reached skill level 5 in Shields
  5097 | Temple   | Became a worshipper of Uskayaw the Reveller
  5146 | D:6      | Reached * piety under Uskayaw
  5148 | D:6      | Reached ** piety under Uskayaw
  5152 | D:6      | Reached skill level 6 in Armour
  5153 | D:6      | Reached *** piety under Uskayaw
  5398 | D:6      | Found a white marble altar of Elyvilon.
  5898 | D:7      | Killed an unseen horror
  5899 | D:7      | Reached skill level 7 in Armour
  5899 | D:7      | Reached skill level 1 in Throwing
  5899 | D:7      | Reached skill level 1 in Invocations
  5899 | D:7      | Reached XP level 9. HP: 38/74 MP: 9/9
  6033 | D:7      | Found a runed translucent gate.
  6033 | D:7      | Found a runed translucent gate.
  6033 | D:7      | Found a runed translucent gate.
  6034 | D:7      | Noticed RascalDebosk's ghost (novice DjVM)
  6057 | D:7      | Reached skill level 1 in Evocations
  6344 | D:7      | Found a sand-covered staircase.
  6348 | Ossuary  | Entered an ossuary
  6367 | Ossuary  | Reached **** piety under Uskayaw
  8745 | D:9      | Found a flagged portal.
  8774 | Bailey   | Entered a bailey
  8992 | Bailey   | Reached XP level 10. HP: 78/78 MP: 12/12
  9583 | D:9      | Reached skill level 8 in Armour
  9799 | D:9      | Reached skill level 5 in Invocations
  9951 | D:9      | Reached skill level 5 in Throwing
 10362 | D:10     | Entered Level 10 of the Dungeon
 10407 | D:10     | Noticed Lodul
 10416 | D:10     | Identified a scroll of acquirement
 10416 | D:10     | Acquired 668 gold pieces
 10426 | D:10     | Killed Lodul
 10435 | D:10     | Reached skill level 5 in Evocations
 10727 | D:10     | Reached ***** piety under Uskayaw
 10817 | D:10     | Noticed a purple ugly thing
 10822 | D:10     | Killed a purple ugly thing
 10823 | D:10     | Reached XP level 11. HP: 77/89 MP: 14/14
 11128 | D:10     | Noticed Fannar
 11142 | D:10     | Killed Fannar
 11505 | D:11     | Noticed a two-headed ogre
 11520 | D:11     | Killed a two-headed ogre
 11699 | D:11     | Gained mutation: You sometimes lose your temper in combat.
                  | [potion of mutation]
 11699 | D:11     | Gained mutation: You are weak. (Str -2) [potion of
                  | mutation]
 11699 | D:11     | Gained mutation: You are clumsy. (Dex -2) [potion of
                  | mutation]
 11699 | D:11     | Gained mutation: You are somewhat resistant to further
                  | mutation. [potion of mutation]
 11700 | D:11     | Lost mutation: You are somewhat resistant to further
                  | mutation. [potion of mutation]
 11700 | D:11     | Lost mutation: You are clumsy. (Dex -2) [potion of
                  | mutation]
 11700 | D:11     | Gained mutation: Your spells are a little easier to cast,
                  | but a little less powerful. [potion of mutation]
 11700 | D:11     | Gained mutation: You are strong-willed. (Will+) [potion of
                  | mutation]
 11865 | D:11     | Reached XP level 12. HP: 96/96 MP: 15/17
 12169 | D:11     | Found a staircase to the Lair.
 12195 | D:11     | Lost mutation: You sometimes lose your temper in combat.
                  | [potion of mutation]
 12195 | D:11     | Lost mutation: Your spells are a little easier to cast, but
                  | a little less powerful. [potion of mutation]
 12195 | D:11     | Lost mutation: You are strong-willed. (Will+) [potion of
                  | mutation]
 12195 | D:11     | Lost mutation: You are weak. (Str -2) [potion of mutation]
 12195 | D:11     | Gained mutation: Your spells are a little harder to cast,
                  | but a little more powerful. [potion of mutation]
 12195 | D:11     | Gained mutation: Your flesh is cold resistant. (rC+)
                  | [potion of mutation]
 12223 | D:11     | Found a staircase to the Orcish Mines.
 12524 | Lair:1   | Entered Level 1 of the Lair of Beasts
 12854 | Lair:1   | Noticed Harold
 12869 | Lair:1   | Killed Harold
 14027 | Lair:2   | Reached skill level 10 in Invocations
 14029 | Lair:2   | Reached ****** piety under Uskayaw
 14203 | Lair:2   | Reached skill level 9 in Armour
 14203 | Lair:2   | Reached XP level 13. HP: 79/105 MP: 19/19
 14756 | Lair:2   | Noticed Erica
 14765 | Lair:2   | Killed Erica
 15121 | Lair:3   | Found a bloodstained altar of Trog.
 15164 | Lair:2   | Reached skill level 15 in Axes
 15197 | Lair:3   | You fall into a shaft and drop 2 floors!
 15197 | Lair:5   | Entered Level 5 of the Lair of Beasts
 15221 | Lair:4   | Found a viscous altar of Jiyva.
 15255 | Lair:4   | Found a staircase to the Slime Pits.
 15755 | Lair:3   | Found a hole to the Spider Nest.
 16094 | Lair:3   | Found a staircase to the Shoals.
 16456 | Lair:4   | Found the +1 robe of Vines {NoPotionHeal Regen++++}
 16606 | Lair:4   | Reached skill level 10 in Armour
 16902 | Lair:4   | Reached skill level 10 in Throwing
 17673 | Slime:1  | Entered Level 1 of the Pits of Slime
 17673 | Slime:1  | Noticed an acid blob
 17761 | Lair:5   | Reached skill level 1 in Dodging
 17761 | Lair:5   | Reached XP level 14. HP: 68/115 MP: 22/22
 18637 | Lair:5   | Found a glowing golden altar of the Shining One.
 20160 | Orc:1    | Entered Level 1 of the Orcish Mines
 20169 | Orc:1    | Noticed an orc warlord
 20182 | Orc:1    | Killed an orc warlord
 20270 | Orc:1    | Found a dark tunnel.
 20383 | Volcano  | Entered a volcano
 20398 | Volcano  | Reached skill level 5 in Dodging
 20471 | Volcano  | Reached skill level 10 in Shields
 20475 | Volcano  | Reached skill level 10 in Fighting
 20476 | Volcano  | HP: 5/121 [hell knight/+2 flail of flaming (3)]
 21014 | Orc:2    | Entered Level 2 of the Orcish Mines
 21014 | Orc:2    | Noticed Jorgrun
 21023 | Orc:2    | Killed Jorgrun
 21319 | Orc:2    | Found a gate leading to a gauntlet.
 21617 | Orc:2    | Found a staircase to the Elven Halls.
 21830 | Orc:2    | Reached skill level 11 in Armour
 21918 | Orc:2    | Found Gihac's Antique Armour Emporium.
 21924 | Orc:2    | Bought a pair of embroidered gloves for 210 gold pieces
 21937 | Orc:2    | Bought a runed plate armour for 728 gold pieces
 21995 | Orc:2    | Noticed an orc warlord
 21997 | Orc:2    | Killed an orc warlord
 21998 | Orc:2    | Reached XP level 15. HP: 86/126 MP: 23/23
 22098 | Orc:2    | Found Ximekear's Book Shop.
 22101 | Orc:2    | Found Diog's Distillery.
 22121 | Orc:2    | Bought a potion of might for 40 gold pieces
 22121 | Orc:2    | Bought 2 potions of heal wounds for 100 gold pieces
 22121 | Orc:2    | Bought a potion of cancellation for 80 gold pieces
 22352 | Orc:2    | Found Liliopt's Distillery.
 22380 | Orc:2    | Bought a potion of might for 60 gold pieces
 22380 | Orc:2    | Bought a potion of might for 60 gold pieces
 22380 | Orc:2    | Bought a potion of heal wounds for 75 gold pieces
 22380 | Orc:2    | Bought a potion of heal wounds for 75 gold pieces
 22380 | Orc:2    | Bought a potion of ambrosia for 120 gold pieces
 22380 | Orc:2    | Bought a potion of invisibility for 120 gold pieces
 22380 | Orc:2    | Bought 2 potions of curing for 90 gold pieces
 22545 | Elf:1    | Entered Level 1 of the Elven Halls
 22580 | Elf:1    | Found Ewnello's Distillery.
 22585 | Elf:1    | Bought a potion of heal wounds for 90 gold pieces
 22585 | Elf:1    | Bought a potion of haste for 180 gold pieces
 22585 | Elf:1    | Bought a potion of might for 72 gold pieces
 22602 | Elf:1    | Reached skill level 12 in Armour
 23007 | Shoals:1 | Entered Level 1 of the Shoals
 23024 | Lair:3   | Reached skill level 10 in Evocations
 23056 | Shoals:1 | Found Hunarph's CLEARANCE SALE!.
 23250 | Shoals:1 | Bought a scroll of acquirement for 260 gold pieces
 23250 | Shoals:1 | Bought a scroll of acquirement for 260 gold pieces
 23250 | Shoals:1 | Bought a potion of heal wounds for 25 gold pieces
 23250 | Shoals:1 | Bought a scroll of poison for 20 gold pieces
 23367 | Shoals:1 | Acquired the +0 kite shield of Daffodils {rF+ Regen+ MP+9
                  | Str+2}
 23428 | Shoals:1 | Acquired a manual of Armour
 24275 | Spider:1 | Entered Level 1 of the Spider Nest
 25688 | Spider:2 | Reached skill level 15 in Invocations
 25823 | Spider:2 | Reached XP level 16. HP: 134/134 MP: 26/26
 26698 | Spider:2 | Identified the +5 leather armour of Thoughtfulness {rF+
                  | Dex+3}
 26936 | Spider:2 | Reached skill level 13 in Armour
 27535 | Spider:3 | Identified Roxanne's Discourse on Transformation
 27535 | Spider:3 | Noticed Roxanne
 27614 | Spider:3 | Reached skill level 14 in Armour
 27899 | Spider:3 | Reached skill level 15 in Armour
 28418 | Spider:3 | Killed Roxanne
 28474 | Spider:4 | Entered Level 4 of the Spider Nest
 28575 | Spider:3 | Reached skill level 16 in Armour
 28807 | Spider:4 | Reached skill level 17 in Armour
 29166 | D:7      | Killed RascalDebosk's ghost
 29586 | Shoals:2 | Reached skill level 18 in Armour
 30145 | Shoals:2 | Got Qetamat's Volume of the Quantum Lungs
 30889 | Shoals:3 | Reached XP level 17. HP: 141/141 MP: 28/28
 31070 | Shoals:4 | Entered Level 4 of the Shoals
 31167 | Shoals:4 | Got the Dissertation on Fog and the Coals
 31257 | Shoals:4 | Reached skill level 1 in Polearms
 31293 | Shoals:4 | Noticed Aizul
 31313 | Shoals:4 | Killed Aizul
 31322 | Shoals:4 | HP: 5/144 [alligator snapping turtle (22)]
 31437 | Shoals:4 | Found Enwuin's Jewellery Emporium.
 31747 | Shoals:4 | Noticed Mlioglotl
 31760 | Shoals:4 | Killed Mlioglotl
 31952 | Shoals:4 | Noticed a kraken
 31993 | Shoals:4 | Killed a kraken
 32502 | Shoals:4 | Reached skill level 5 in Polearms
 32507 | Shoals:4 | Got a barnacled rune of Zot
 32856 | Shoals:4 | Bought an amulet of faith for 640 gold pieces
 34235 | D:13     | Paralysed by an ogre mage for 2 turns
 34287 | D:13     | Found a gate to the Vaults.
 35395 | Elf:1    | Found Irume's Jewellery Shop.
 35396 | Elf:1    | Found Ijumout's Book Shoppe.
 35398 | Elf:1    | Found Sastepn's Jewellery Shop.
 36366 | Spider:4 | Reached XP level 18. HP: 154/154 MP: 29/29
 36558 | Spider:4 | Reached skill level 10 in Polearms
 36929 | Spider:4 | Lost intelligence.
 37601 | D:14     | Noticed Agnes
 37612 | D:14     | HP: 5/154 [Agnes/+4 lajatang of speed (8)]
 37612 | D:14     | Slain by Agnes

Illustrated notes

Levels and vault maps discovered:
D:1:      dpeg_arrival_round_c, layout_basic, nicolae_kite_square_tiling_tiny
D:2:      layout_basic, dreamdust_ecumenical_altar_hidden_monk_grotto,
          grunt_ministairs_4
D:3:      minmay_diamond_boxcup, layout_rooms, minmay_door_square
D:4:      layout_loops_ring, grunt_decor_mini_mirrors, minmay_misc_feat_rugged,
          minmay_three_crescents
D:5:      kennysheep_big_flooded_room, layout_loops_ring, old_standard_altar
D:6:      layout_basic, elyvilon_altar_4, minmay_temple_entry_drinking_statues,
          uniq_prince_ribbit1
D:7:      layout_cave_pools, ebering_ghost_rock_garden,
          lightli_ossuary_entry_decrepit_ruins, minmay_misc_feat_encased,
          kennysheep_windowed_goal
D:8:      layout_gridville
D:9:      layout_long_grid, enter_bailey_3, minmay_misc_feat_doors,
          kennysheep_generic_room_3
D:10:     layout_roguey, nicolae_looking_at_the_future, uniq_fannar, uniq_lodul
D:11:     layout_long_grid, lair_entry_dummy, orc_0_dummy
D:12:     layout_loops_cross
D:13:     layout_loops_corners, hangedman_vaults_entry_quadrant_bands,
          hangedman_abyss_or_decor_stabs, minivault_14
D:14:     layout_loops_corners, amethyst_killhole, uniq_nessos, uniq_agnes
Temple:   mainiacjoe_temple_cubbyholes
Lair:1:   layout_small_grid, uniq_harold
Lair:2:   layout_cave_pods, uniq_erica
Lair:3:   layout_cave_shapes, minmay_shoals_entry_lonely_mermaid,
          spider_nest_entry_a, basic_altar, chequers_serial_rivers_micro_c
Lair:4:   layout_hall_layers, minmay_slime_entry_pillars,
          hellmonk_guarded_unrand_vines, lemuel_fruit_tree, grunt_megastairs_2
Lair:5:   grunt_lair_end_beastmaster, layout_layer_cave, basic_altar
Shoals:1: layout_shoals, nicolae_shop_clearance
Shoals:2: nzn_motion_control, layout_shoals
Shoals:3: layout_shoals
Shoals:4: shoals_end_grunt_ice, layout_shoals, serial_shops,
          nicolae_square_shop, yaktaur_hedge, uniq_aizul, uniq_mlioglotl
Spider:1: layout_chambers, nicolae_spider_baby_got_redback
Spider:2: layout_chambers
Spider:3: layout_spider_delve, special_room, hangedman_spider_mandibles,
          uniq_roxanne
Spider:4: floodkiller_spider_rune_tomb, nicolae_spider_wall_of_niches
Slime:1:  layout_caves
Orc:1:    layout_caves, nicolae_volcano_entry_two_sided, serial_shops, shop
Orc:2:    hellmonk_orc_salted, layout_caves, gauntlet_entry_generic,
          uniq_jorgrun
Elf:1:    layout_loops_ring, serial_shops, shop,
          hangedman_elven_crosses_minicolossus, minmay_shop_grove,
          lemuel_upstairs_altar
Elf:2:    nicolae_elf_blades_crystal_corner, layout_gridlike, uniq_donald

Skill      XL: |  1  2  3  4  5  6  7  8  9 10 11 12 13 14 15 16 17 18 |
---------------+-------------------------------------------------------+-----
Axes           | 3 4 5 6 7 9 11 12 14 16 | 16.4
Fighting       | 5 6 7 8 10 11 | 11.8
Armour         | 7 8 9 10 11 12 18 | 18.0
Shields        | 5 6 7 8 10 11 | 11.7
Throwing       | 1 4 6 7 8 10 11 | 11.2
Invocations    | 1 4 6 9 10 12 15 16 | 16.5
Evocations     | 3 5 6 8 10 11 | 11.0
Dodging        | 1 6 |  6.0
Polearms       | 9 11 | 11.9

Action                   |  1- 3 |  4- 6 |  7- 9 | 10-12 | 13-15 | 16-18 || total
-------------------------+-------+-------+-------+-------+-------+-------++-------
Melee: War axe           |    99 |   129 |   331 |   254 |   722 |   447 ||  1982
       Headbutt          |     8 |    19 |    45 |    38 |   168 |   251 ||   529
       Demon trident     |       |       |       |       |       |   680 ||   680
Throw: Dart              |       |     1 |     7 |       |       |       ||     8
       Boomerang         |       |       |    26 |    50 |   143 |   313 ||   532
       Javelin           |       |       |     3 |    29 |    20 |     5 ||    57
       Stone             |       |       |     1 |       |       |       ||     1
Invok: Stomp             |       |       |     1 |     5 |     6 |     5 ||    17
       Line Pass         |       |       |       |     1 |     1 |     1 ||     3
Evoke: Wand              |       |       |     1 |     5 |    10 |     7 ||    23
       Lightning rod     |       |       |       |       |     6 |     6 ||    12
       Condenser vane    |       |       |       |       |     3 |     2 ||     5
  Use: Scroll            |       |     1 |     9 |     9 |    22 |     9 ||    50
       Potion            |       |     1 |     8 |    14 |    11 |    13 ||    47
 Stab: Paralysed         |       |       |     9 |    33 |    83 |   108 ||   233
       Distracted        |       |       |       |     1 |     6 |       ||     7
       Petrified         |       |       |       |       |     2 |     5 ||     7
       Petrifying        |       |       |       |       |     1 |       ||     1
       Invisible         |       |       |       |       |     1 |       ||     1
Armor: Scale mail        |    11 |       |       |       |       |       ||    11
       Plate armour      |    43 |   100 |     7 |       |       |   306 ||   456
       Chain mail        |       |       |   221 |   153 |   329 |   487 ||  1190
Dodge: Dodged            |    31 |    50 |   124 |   184 |   464 |   786 ||  1639
Block: Buckler           |    17 |    32 |    90 |    61 |   137 |       ||   337
       Kite shield       |       |       |       |       |   142 |   725 ||   867

Table legend: (Time is in decaauts)
 A = Elapsed time spent in this place.
 B = Non-inter-level travel time spent in this place.
 C = Inter-level travel time spent in this place.
 D = Time resting spent in this place.
 E = Time spent auto-exploring this place.
 F = Levels seen in this place.
 G = Mean time per level.
                   A        B        C        D        E       F      G
               +--------+--------+--------+--------+--------+-----+--------+
         Total |  38022 |  33746 |   4276 |    518 |  26277 |  36 | 1056.2 |
       Dungeon |  14177 |  12766 |   1411 |    352 |   9944 |  14 | 1012.6 |
        Temple |    573 |    476 |     97 |      0 |    463 |   1 |  573.0 |
          Lair |   8060 |   7086 |    974 |     11 |   6193 |   5 | 1612.0 |
        Shoals |   4904 |   4634 |    270 |     72 |   3090 |   4 | 1226.0 |
   Spider Nest |   4930 |   4259 |    671 |     83 |   3160 |   4 | 1232.5 |
    Slime Pits |      1 |      1 |      0 |      0 |      0 |   1 |    1.0 |
  Orcish Mines |   2820 |   2173 |    647 |      0 |   1773 |   2 | 1410.0 |
   Elven Halls |   1593 |   1390 |    203 |      0 |    977 |   2 |  796.5 |
       Ossuary |    276 |    276 |      0 |      0 |    194 |   1 |  276.0 |
        Bailey |    593 |    593 |      0 |      0 |    481 |   1 |  593.0 |
       Volcano |     90 |     90 |      0 |      0 |      0 |   1 |   90.0 |
               +--------+--------+--------+--------+--------+-----+--------+

Top non-repeatable levels by time:
  Lair:5: 2177 daAuts
   Orc:2: 1990 daAuts
Shoals:4: 1902 daAuts
  Lair:4: 1811 daAuts
     D:9: 1591 daAuts
  Lair:1: 1561 daAuts
    D:11: 1462 daAuts
Spider:3: 1460 daAuts
Spider:1: 1385 daAuts
Spider:2: 1307 daAuts
     D:7: 1294 daAuts
  Lair:2: 1279 daAuts
Shoals:1: 1267 daAuts
  Lair:3: 1230 daAuts
   Elf:1: 1166 daAuts
